 Dungeon Sprint DCSS version 0.27-a0-1090-gb115f176c6 (webtiles) character file.

Game seed: 2938643531722248731

185 Zeld the Conjurer (level 5, -15/41 HPs)
             Began as an Octopode Conjurer on Apr 27, 2021.
             Was an Initiate of Sif Muna.
             Killed from afar by a deep elf pyromancer (35 damage)
             ... with a bolt of fire
             ... in the Dungeon (Sprint III: "The Ten Rune Challenge").
             The game lasted 00:01:35 (908 turns).

Zeld the Conjurer (Octopode Conjurer)                Turns: 908, Time: 00:01:36

Health: -15/41     AC:  1    Str:  6    XL:     5   Next: 64%
Magic:  8/13       EV: 14    Int: 22    God:    Sif Muna [......]
Gold:   41         SH:  0    Dex: 10    Spells: 4/15 levels left

rFire    . . .     SeeInvis .   (no weapon)
rCold    . . .     Faith    .   (no shield)
rNeg     . . .     Spirit   .   (helmet restricted)
rPois    .         Reflect  .   (no amulet)
rElec    .         Harm     .   (no ring)
rCorr    .         Rampage  .   (no ring)
Will     .....     NoTele   +   (no ring)
Stlth    +++.......             (no ring)
HPRegen  0.13/turn              (no ring)
MPRegen  0.13/turn              (no ring)
                                (no ring)
                                (no ring)

@: no status effects
A: almost no armour, amphibious, 8 rings, camouflage 1, gelatinous body 1,
(nimble swimmer 1), tentacles
a: Renounce Religion


You were in the Dungeon.
You worshipped Sif Muna.
Sif Muna was noncommittal.
You visited 1 branch You collected 41 gold pieces.

Inventory:

Scrolls
 f - a scroll of identify
 g - a scroll of blinking
Potions
 b - 2 potions of curing
 c - a potion of heal wounds
 d - a potion of haste
 e - 2 potions of magic
 h - a potion of flight


   Skills:
 * Level 5.7 Fighting
 + Level 4.5 Dodging
 - Level 2.6 Stealth
 * Level 5.7 Spellcasting
 * Level 7.1 Conjurations
 + Level 0.0 Hexes
 + Level 0.0 Translocations
 + Level 0.0 Invocations


You had 4 spell levels left.
You knew the following spells:

 Your Spells              Type           Power      Damage    Failure   Level
a - Magic Dart            Conj           100%       1d8       1%          1
b - Searing Ray           Conj           74%        3d6       1%          2
c - Fulminant Prism       Conj/Hex       11%        3d9       22%         4
d - Iskenderun's Mystic   Conj/Tloc      22%        2d6       22%         4

Your spell library contained the following spells:

 Spells                   Type           Power      Damage    Failure   Level
 Dazzling Flash           Conj/Hex       44%        N/A       6%          3
 Beastly Appendage        Tmut           12%        N/A       10%         1
 Wereblood                Tmut           6%         N/A       14%         2
 Spider Form              Tmut/Pois      3%         N/A       28%         3
 Ice Form                 Ice/Tmut       6%         N/A       67%         4
 Hydra Form               Tmut           3%         N/A       95%         5


Dungeon Overview and Level Annotations

Branches:
Dungeon (1/1)

Altars:
Elyvilon
Kikubaaqudgha
Sif Muna
Vehumet
Zin
The Shining One


Innate Abilities, Weirdness & Mutations

You cannot wear most types of armour.
You are amphibious.
You can wear up to eight rings at the same time.
Your skin changes colour to match your surroundings (Stealth+).
Your rubbery body absorbs attacks. (AC +1, EV +1)
((You are camouflaged near water. (Stealth+)))
You have tentacles for arms and can constrict up to eight enemies at once.


Message History

You start waiting.
You start waiting.
You start waiting.
Things that are here:
a +0 dagger; a +0 robe
There is an open door, spattered with blood here.
Things that are here:
a +0 dagger; a +0 robe
There is a fountain of clear blue water here.
You open the door.
Found three altars.
Casting: Searing Ray (safe; 1% risk of failure)
Confirm with . or Enter, or press ? or * to list all spells.
Okay, then.
A deep elf pyromancer comes into view.
It is wielding a +2 long sword of holy wrath.
The deep elf pyromancer shouts!
The deep elf pyromancer picks up a potion of heal wounds.
There is an open door here.
Casting: Searing Ray (safe; 1% risk of failure)
Confirm with . or Enter, or press ? or * to list all spells.
Aiming: Searing Ray (safe; 1% risk of failure)
Press: ? - help, Shift-Dir - straight line, f - deep elf pyromancer
Aim: a deep elf pyromancer, wielding a +2 long sword of holy wrath (73% to hit)
The searing ray misses the deep elf pyromancer. (Press . to maintain the ray.)
The deep elf pyromancer gestures at you while chanting.
The sticky flame hits you!
You are covered in liquid flames!
The searing ray hits the deep elf pyromancer!
The deep elf pyromancer is moderately wounded.
You are covered in liquid flames!
The deep elf pyromancer gestures wildly while chanting.
The deep elf pyromancer blinks!
You are covered in liquid flames!
You finish channeling your searing ray.
You are covered in liquid flames!
The deep elf pyromancer casts a spell at you.
The bolt of fire hits you!!
Ouch! That really hurt!
You die...

▓▓▓▓▓▓▓▓ ▓▓▓ .'.....♣
♣.##### .#....♣♣♣
♣.#___# ##....♣.♣
♣♣.#...#
.#....≈♣♣♣♣..###@#+###+#
.#..)≈≈♣♣..♣.#...e......
(#..≈≈≈≈.♣♣♣.'.⌠........
)#..≈≈≈≈≈≈♣♣?#...######+
.#.≈≈≈≈≈≈....#.⌠.#
.#.≈≈≈≈≈.....#...#
.#.≈≈≈.......#)###
##...........#)..#
.............#___#


You could see a deep elf pyromancer.

Vanquished Creatures
  A water elemental (D)
  Crazy Yiuf (D)
  Jessica (D)
  A wizard (D)
  A human (D)
  A kobold demonologist (D)
  An endoplasm (D)
  2 rats (D)
9 creatures vanquished.

Vanquished Creatures (others)
  A hydra (D)
  3 plants (D)
4 creatures vanquished.

Grand Total: 13 creatures vanquished

Notes
Turn   | Place    | Note
-------+----------+-------------------------------------------
     0 | D        | Zeld the Octopode Conjurer began the quest for the Orb.
     0 | D        | Reached XP level 1. HP: 11/11 MP: 3/3
     6 | D        | Reached skill level 1 in Fighting
    72 | D        | Noticed Jessica
    80 | D        | Killed Jessica
    81 | D        | Reached skill level 5 in Conjurations
    81 | D        | Reached XP level 2. HP: 20/20 MP: 0/6
    81 | D        | Reached XP level 3. HP: 25/25 MP: 0/7
   203 | D        | Learned a level 2 spell: Searing Ray
   279 | D        | Killed a seven-headed hydra
   365 | D        | Noticed Crazy Yiuf
   373 | D        | Killed Crazy Yiuf
   374 | D        | Reached XP level 4. HP: 31/33 MP: 5/10
   484 | D        | Noticed a water elemental
   490 | D        | Killed a water elemental
   491 | D        | Reached skill level 5 in Fighting
   491 | D        | Reached skill level 5 in Spellcasting
   491 | D        | Reached skill level 6 in Conjurations
   491 | D        | Reached XP level 5. HP: 20/39 MP: 3/12
   690 | D        | Found a radiant altar of Vehumet.
   690 | D        | Found a shimmering blue altar of Sif Muna.
   690 | D        | Found an ancient bone altar of Kikubaaqudgha.
   694 | D        | Noticed a rust devil
   698 | D        | Reached skill level 7 in Conjurations
   781 | D        | Learned a level 4 spell: Fulminant Prism
   786 | D        | Learned a level 4 spell: Iskenderun's Mystic Blast
   787 | D        | Became a worshipper of Sif Muna the Loreminder
   903 | D        | Found a glowing silver altar of Zin.
   903 | D        | Found a glowing golden altar of the Shining One.
   903 | D        | Found a white marble altar of Elyvilon.
   904 | D        | Noticed a deep elf pyromancer
   908 | D        | Killed from afar by a deep elf pyromancer

Illustrated notes

Levels and vault maps discovered:
D:        dungeon_sprint_mu [sprint_mu_entry_forest, sprint_mu_temple_rooms,
          sprint_mu_d1_spiders, sprint_mu_d2_genie, sprint_mu_d3_branching,
          sprint_mu_orc_legion, sprint_mu_elf_gauntlet, sprint_mu_hive_nellie,
          sprint_mu_lair_fedhas, sprint_mu_vaults_butterflies,
          sprint_mu_slime_circle, sprint_mu_swamp_cave, sprint_mu_snake_twists,
          sprint_mu_blade_basic, sprint_mu_crypt_fortress,
          sprint_mu_tomb_spiral, sprint_mu_vestibule_basic,
          sprint_mu_gehenna_hellfire, sprint_mu_dis_giant,
          sprint_mu_tartarus_statrot, sprint_mu_cocytus_islands, sprint_mu_zot1]

Skill      XL: |  1  2  3  4  5 |
---------------+----------------+-----
Fighting       | 2 4 5 |  5.7
Spellcasting   | 3 4 5 |  5.7
Conjurations   | 5 6 7 |  7.1
Dodging        | 3 4 |  4.5
Stealth        | |  2.6

Action                   |  1- 3 |  4- 6 || total
-------------------------+-------+-------++-------
Melee: Unarmed           |     5 |       ||     5
       Constrict         |     1 |       ||     1
 Cast: Magic Dart        |     6 |       ||     6
       Searing Ray       |     2 |     6 ||     8
  Use: Potion            |     1 |       ||     1
       Scroll            |       |     3 ||     3
Dodge: Dodged            |     3 |     3 ||     6

Table legend: (Time is in decaauts)
 A = Elapsed time spent in this place.
 B = Non-inter-level travel time spent in this place.
 C = Inter-level travel time spent in this place.
 D = Time resting spent in this place.
 E = Time spent auto-exploring this place.
 F = Levels seen in this place.
 G = Mean time per level.
                   A        B        C        D        E       F      G
               +--------+--------+--------+--------+--------+-----+--------+
         Total |    915 |    915 |      0 |    760 |      0 |   1 |  915.0 |
       Dungeon |    915 |    915 |      0 |    760 |      0 |   1 |  915.0 |
               +--------+--------+--------+--------+--------+-----+--------+

Top non-repeatable levels by time:
       D: 915 daAuts
